 Dungeon Crawl Stone Soup version 0.16.0-5-g717f7e7 (webtiles) character file.

8796 Streak the Nimble (level 11, 0/48 HPs)
             Began as a Felid Transmuter on Mar 14, 2015.
             Was a High Priest of Ashenzari.
             Slain by a killer bee (10 damage)
             ... on level 2 of the Lair of Beasts.
             The game lasted 01:34:51 (21069 turns).

Streak the Nimble (Felid Transmuter)               Turns: 21069, Time: 01:34:51

Health: 0/48       AC:  2    Str:  6    XL:     11   Next: 14%
Magic:  25/28      EV: 25    Int: 19    God:    Ashenzari [*****.]
Gold:   1187       SH:  0    Dex: 16    Spells: 6 memorised, 1 level left
                                        Lives:  0   Deaths: 3

rFire  + . .     SeeInvis +       - Unarmed
rCold  x . .     Clarity  +     (armour unavailable)
rNeg   . . .     SustAb   .     (shield unavailable)
rPois  +         Gourm    +     (helmet unavailable)
rElec  .         Spirit   .     (cloak unavailable)
rCorr  .         Warding  .     (gloves unavailable)
rMut   .         Stasis   .     (boots unavailable)
MR     +....                    t - amulet of the gourmand (curse)
Stlth  +++.......               e - ring of poison resistance (curse)
                                m - ring of fire (curse)

@: lethally poisoned (0 -> -4), about to teleport, blade paws, repel missiles,
quick, somewhat resistant to hostile enchantments, fairly stealthy
A: paw claws, no armour, no weapons or thrown items, fangs 3, see invisible,
carnivore 3, speed 1, shaggy fur 2, slow metabolism 1, (sharp paws)
a: End Transformation, Scrying, Transfer Knowledge, Renounce Religion


You were on level 2 of the Lair of Beasts.
You worshipped Ashenzari.
Ashenzari was extremely pleased with you.
You were not hungry.
You had blades for front paws.
You visited 4 branches of the dungeon, and saw 17 of its levels.

You collected 1187 gold pieces.

Inventory:

Missiles
 b - 241 arrows
 j - 22 arrows of dispersal
 w - 19 arrows of frost
 J - 8 poisoned arrows
Jewellery
 e - a cursed ring of poison resistance (right scythe-like blade)
 k - an uncursed ring of protection from magic
 m - a cursed ring of fire (left scythe-like blade)
 t - a cursed amulet of the gourmand (around neck)
Magical devices
 f - a wand of frost (28)
 n - a wand of paralysis (10)
 p - a wand of random effects (19)
 q - a wand of fire (0)
 y - a wand of teleportation (6)
 F - a wand of polymorph (12)
 H - a wand of draining (0)
 I - a wand of digging (9)
 L - a wand of confusion (37)
 M - a wand of paralysis (13)
Scrolls
 r - 4 scrolls of teleportation
 u - 2 scrolls of remove curse
 x - 2 scrolls of magic mapping
 C - 3 scrolls of identify
 K - a scroll of recharging
Potions
 c - 3 potions of heal wounds
 h - a potion of flight
 l - a potion of ambrosia
 o - a potion of restore abilities
 v - a potion of cancellation
 A - 2 potions of berserk rage
 D - 2 potions of might
 N - a potion of cure mutation {unknown}
Books
 d - a book of Changes

   Spells                             Type                      Level
   a - Beastly Appendage              Transmutation                1
   b - Sticks to Snakes               Transmutation                2
   c - Spider Form                    Transmutation/Poison         3
   d - Ice Form                       Ice/Transmutation            4
   e - Blade Hands                    Transmutation                5
 s - a book of Minor Magic

   Spells                             Type                      Level
   a - Magic Dart                     Conjuration                  1
   b - Blink                          Translocation                2
   c - Call Imp                       Summoning                    2
   d - Repel Missiles                 Charms/Air                   2
   e - Slow                           Hexes                        2
   f - Conjure Flame                  Conjuration/Fire             3
   g - Mephitic Cloud                 Conjuration/Poison/Air       3
 z - a book of the Warp

   Spells                             Type                      Level
   a - Recall                         Summoning/Translocation      3
   b - Control Teleport               Charms/Translocation         4
   c - Force Lance                    Conjuration/Translocation    4
   d - Phase Shift                    Translocation                5
   e - Warp Weapon                    Charms/Translocation         5
   f - Gell's Gravitas                Hexes/Translocation          5
   g - Summon Forest                  Summoning/Translocation      5
 B - a book of Enchantments

   Spells                             Type                      Level
   a - Tukima's Dance                 Hexes                        3
   b - Cause Fear                     Hexes                        4
   c - Silence                        Hexes/Air                    5
   d - Deflect Missiles               Charms/Air                   6
   e - Haste                          Charms                       6
   f - Discord                        Hexes                        8
 G - a book of Conjurations

   Spells                             Type                      Level
   a - Magic Dart                     Conjuration                  1
   b - Searing Ray                    Conjuration                  2
   c - Dazzling Spray                 Conjuration/Hexes            3
   d - Fulminant Prism                Conjuration/Hexes            4
   e - Iskenderun's Mystic Blast      Conjuration                  4
   f - Iskenderun's Battlesphere      Conjuration/Charms           5
Comestibles
 a - 4 meat rations
 g - 12 slices of pizza
 E - 2 beef jerkies


   Skills:
 - Level 6.0 Fighting
 - Level 10.4 Dodging
 + Level 6.7 Stealth
 - Level 10.3 Unarmed Combat
 - Level 7.0 Spellcasting
 - Level 5.5(9.5) Hexes
 - Level 10.3(14.1) Charms
 - Level 7.3(11.3) Translocations
 - Level 6.0(10.1) Transmutations
 - Level 2.2(5.3) Evocations


You had one spell level left.
You knew the following spells:

 Your Spells              Type           Power        Failure   Level  Hunger
a - Gell's Gravitas       Hex/Tloc       #####.....   32%         5    #####..
b - Sticks to Snakes      Trmt           #####.....   10%         2    None
c - Spider Form           Trmt/Pois      ####......   28%         3    #......
d - Repel Missiles        Chrm/Air       ####..       14%         2    None
e - Blade Hands           Trmt           #####.....   36%         5    #####..
f - Haste                 Chrm           ######..     36%         6    ######.


Dungeon Overview and Level Annotations

Branches:
Dungeon (11/15)            Temple (1/1) D:4            Lair (2/8) D:10
    Orc (3/4) D:11
    Elf: Orc:3-4

Altars:
Ashenzari
Cheibriados
Dithmenos
Elyvilon
Fedhas
Gozag
Kikubaaqudgha
Makhleb
Nemelex Xobeh
Okawaru
Qazlal
Ru
Sif Muna
Trog
Vehumet
Xom
Yredelemnul
Zin
The Shining One

Shops:
D:5 [   Orc:2 [

Portals:
Bazaar: D:11


Innate Abilities, Weirdness & Mutations

You cannot wear armour.
You are incapable of wielding weapons or throwing items.
You have razor-sharp teeth.
You have supernaturally acute eyesight.
You are carnivorous and can eat meat at any time.
You cover ground quickly.
You are covered in thick fur (AC +2).
You have a slow metabolism.
((Your paws have sharp claws that are effective at stabbing.))


Message History

As you read the scroll of teleportation, it crumbles to dust.
You feel strangely unstable. The killer bee completely misses you.
The killer bee completely misses you. The killer bee closely misses you.
The killer bee stings you!
* * * LOW HITPOINT WARNING * * *
You are lethally poisoned!
The killer bee poisons you! The killer bee completely misses you.
The killer bee completely misses you. The killer bee misses you.
The killer bee barely misses you.
Drink which item? (? for menu, Esc to quit)
You feel much better.
You feel sick. The killer bee misses you. The killer bee stings you.
The killer bee completely misses you. The killer bee stings you.
The killer bee completely misses you. The killer bee misses you.
The killer bee stings you.
* * * LOW HITPOINT WARNING * * *
The killer bee completely misses you.
You feel sick. The killer bee closely misses you. The killer bee misses you.
The killer bee barely misses you. The killer bee stings you!
You die...

#..#................PP.
#..........###...#..##.
##...........##...#..##.
#...........###..#...##.
##..........###..##.....
#..........##...##÷.P#.
#...........##..##...#.
##........††.†#..##..#..
##......@yy..##...#P..##.
#.......yyy..P##......#..
###.....y..†.#######.....
#....)...††.##∆yy%#.....
##......#....#%y.y#..#..
#P..............%.# ,#P.
##......##..##.y%%# , .
#(.....##..# .%%%# #..
#......##..#*∆∆ # ,...


You could see 6 killer bees.

Vanquished Creatures
  Josephine (D:11)
  A hydra (Lair:2)
  The ghost of Sharkman1231 the Basher, an experienced DDAK of Lugonu (D:10)
  Erolcha (D:11)
  2 hill giants
  A cyclops (D:11)
  2 black mambas
  Joseph (D:8)
  Psyche (D:8)
  A komodo dragon (Lair:1)
  2 spiny frogs
  A queen bee (Lair:2)
  A troll (D:11)
  A two-headed ogre (D:10)
  Prince Ribbit (D:4)
  2 basilisks
  3 blink frogs (Lair:2)
  The ghost of gw the Skirmisher, an average OgWr of the Shining One (D:3)
  6 wraiths (D:11)
  A yak (D:8)
  A human (D:8)
  A deep elf mage (D:11)
  Eustachio (D:6)
  A hill giant zombie (D:11)
  A hippogriff (D:11)
  3 wolves
  2 hungry ghosts
  Edmund (D:4)
  3 water moccasins
  2 phantoms
  2 ice beasts
  2 black bears
  An eye of draining (D:11)
  2 sky beasts
  8 orc warriors
  3 necrophages
  4 ogres
  Duvessa (D:6)
  9 giant frogs
  8 centaurs
  3 crocodiles
  A big kobold (D:7)
  3 gnoll sergeants
  18 killer bees (Lair:2)
  5 wights (D:11)
  4 scorpions
  2 vampire bats (D:2)
  A goliath beetle (D:10)
  2 electric eels
  Dowan (D:6)
  13 orc priests
  4 crimson imps
  13 hounds
  A jelly (D:9)
  Crazy Yiuf (D:4)
  A gnoll shaman (D:10)
  2 giant frog skeletons (D:11)
  6 worker ants
  Natasha (thrice) (D:4)
  A centaur skeleton (D:7)
  An iguana (D:10)
  17 orc wizards
  3 sheep (D:8)
  Ijyb (D:6)
  7 ogre zombies (D:11)
  A hound zombie (D:5)
  2 mummies (D:9)
  Terence (D:3)
  A worker ant zombie (D:11)
  8 adders
  44 gnolls
  19 orc zombies
  13 river rats (Lair:2)
  3 giant mites
  4 shadow imps
  A worm (D:3)
  10 giant geckos
  An ooze (D:4)
  87 orcs
  19 bats
  7 bat skeletons
  3 bat zombies
  3 giant cockroaches
  25 hobgoblins
  28 jackals
  21 kobolds
  7 quokkas
  A giant gecko skeleton (D:5)
  9 giant newts
  2 giant spores
  15 goblins
  A goblin skeleton (D:11)
  3 goblin zombies (D:11)
  2 hobgoblin zombies (D:11)
  2 orc skeletons (D:11)
  A quokka skeleton (D:5)
  22 rats
  37 ballistomycetes
604 creatures vanquished.

Vanquished Creatures (collateral kills)
  A two-headed ogre (D:10)
  An orc priest (D:4)
  A giant gecko (D:4)
  An orc (D:4)
  A bat (D:4)
5 creatures vanquished.

Vanquished Creatures (others)
  A bat (D:8)
  2 giant spores (D:11)
  A ballistomycete (D:11)
  2 fungi (Lair:2)
6 creatures vanquished.

Grand Total: 615 creatures vanquished

Notes
Turn   | Place    | Note
--------------------------------------------------------------
     0 | D:1      | Streak, the Felid Transmuter, began the quest for the Orb.
     0 | D:1      | Reached XP level 1. HP: 9/9 MP: 4/4
   316 | D:1      | Reached XP level 2. HP: 10/12 MP: 3/5
   326 | D:1      | Learned a level 2 spell: Sticks to Snakes
   627 | D:1      | Reached skill level 4 in Unarmed Combat
  1069 | D:2      | Reached XP level 3. HP: 15/15 MP: 6/8
  1074 | D:2      | Learned a level 3 spell: Spider Form
  1227 | D:2      | Reached XP level 4. HP: 7/19 MP: 6/10
  2239 | D:2      | Found an ancient bone altar of Kikubaaqudgha.
  2242 | D:2      | Noticed a vampire bat
  2242 | D:2      | Noticed a vampire bat
  2256 | D:2      | Killed a vampire bat
  2256 | D:2      | Reached skill level 5 in Unarmed Combat
  2256 | D:2      | Reached XP level 5. HP: 13/22 MP: 6/12
  2731 | D:2      | Killed a vampire bat
  2978 | D:3      | Noticed Terence
  2996 | D:3      | Killed Terence
  3650 | D:3      | Found a bloodstained altar of Trog.
  3802 | D:3      | Noticed gw's ghost (average OgWr)
  4350 | D:4      | Found an opulent altar of Gozag.
  4379 | D:4      | Found a snail-covered altar of Cheibriados.
  4387 | D:4      | Noticed Edmund
  4442 | D:4      | Killed Edmund
  4442 | D:4      | Reached skill level 6 in Dodging
  4442 | D:4      | Gained mutation: You are covered in thick fur (AC +2). [growing up]
  4442 | D:4      | Reached XP level 6. HP: 20/25 MP: 11/14
  4598 | D:4      | Noticed Natasha
  4598 | D:4      | Noticed a phantom
  4604 | D:4      | Killed Natasha
  4613 | D:4      | Killed a phantom
  4613 | D:4      | Reached skill level 7 in Dodging
  4665 | D:4      | Noticed Crazy Yiuf
  4672 | D:4      | Killed Crazy Yiuf
  4672 | D:4      | Reached XP level 7. HP: 28/28 MP: 14/17
  4797 | D:4      | Noticed Prince Ribbit
  4908 | D:4      | Killed Prince Ribbit
  4908 | D:4      | Reached skill level 8 in Dodging
  5219 | D:4      | Found a staircase to the Ecumenical Temple.
  5268 | D:4      | Reached skill level 9 in Dodging
  5279 | D:4      | Noticed Natasha
  5306 | D:4      | Killed Natasha
  5431 | Temple   | Entered the Ecumenical Temple
  5501 | Temple   | Became a worshipper of Ashenzari the Shackled
  5541 | D:4      | Noticed Natasha
  5559 | D:4      | Killed Natasha
  5645 | D:4      | Found an iron altar of Okawaru.
  6140 | D:5      | Entered Level 5 of the Dungeon
  6415 | D:5      | Reached skill level 10 in Dodging
  6540 | D:5      | Reached XP level 8. HP: 32/32 MP: 11/18
  6761 | D:5      | Found Feluekk's Antique Armour Emporium.
  7632 | D:3      | Killed gw's ghost
  7742 | D:6      | Noticed Ijyb
  7751 | D:6      | Killed Ijyb
  7814 | D:6      | Noticed Duvessa
  7816 | D:6      | Noticed Dowan
  7865 | D:6      | Found a sacrificial altar of Ru.
  8222 | D:6      | Noticed Eustachio
  8242 | D:6      | Found a shadowy altar of Dithmenos.
  8250 | D:6      | Killed Eustachio
  8388 | D:6      | Learned a level 2 spell: Repel Missiles
  8447 | D:6      | Reached XP level 9. HP: 35/35 MP: 16/19
  8526 | D:6      | Found a shadowy altar of Dithmenos.
  8594 | D:6      | Killed Duvessa
  8598 | D:6      | Killed Dowan
  9352 | D:7      | Reached skill level 10 in Unarmed Combat
  9598 | D:7      | Acquired Ashenzari's first power
  9814 | D:8      | Found a deep blue altar of Sif Muna.
  9858 | D:8      | Learned a level 5 spell: Blade Hands
 10401 | D:8      | Noticed Psyche
 10410 | D:8      | Killed Psyche
 10410 | D:8      | Reached skill level 5 in Transmutations
 11188 | D:8      | Reached skill level 5 in Spellcasting
 11189 | D:8      | Noticed Joseph
 11201 | D:8      | Killed Joseph
 11201 | D:8      | Reached XP level 10. HP: 13/39 MP: 20/25
 11204 | D:8      | Slain by a gnoll
 11205 | D:8      | Reached XP level 9. HP: -4/35 MP: 20/24
 11268 | D:8      | Reached skill level 1 in Charms
 11363 | D:8      | Learned a level 5 spell: Gell's Gravitas
 11379 | D:8      | Reached skill level 1 in Hexes
 11379 | D:8      | Reached skill level 1 in Translocations
 11780 | D:8      | Found an opulent altar of Gozag.
 12562 | D:9      | Acquired Ashenzari's second power
 12642 | D:9      | Found a glowing golden altar of the Shining One.
 12938 | D:10     | Entered Level 10 of the Dungeon
 12941 | D:10     | Reached XP level 10. HP: 41/43 MP: 25/25
 12944 | D:10     | Reached skill level 5 in Fighting
 13593 | D:10     | Noticed a hill giant
 13615 | D:11     | Noticed a hill giant
 13718 | D:11     | Found a gateway to a bazaar.
 13750 | D:11     | Found a staircase to the Orcish Mines.
 13751 | D:11     | Reached skill level 5 in Translocations
 13764 | D:11     | Noticed Josephine
 13775 | D:11     | Killed Josephine
 13775 | D:11     | Reached skill level 5 in Hexes
 14358 | D:11     | Noticed Erolcha
 14394 | D:11     | Killed a hill giant
 14654 | D:11     | Reached skill level 1 in Stealth
 14684 | D:10     | HP: 1/45 [centaur/arrow of frost (7)]
 14684 | D:10     | Shot with an arrow of frost by a centaur
 14685 | D:10     | Reached XP level 9. HP: -3/41 MP: 24/24
 14714 | D:10     | Reached XP level 10. HP: 45/45 MP: 21/25
 15076 | D:10     | Noticed Sharkman1231's ghost (experienced DDAK)
 15100 | D:10     | Killed Sharkman1231's ghost
 15100 | D:10     | Reached skill level 5 in Charms
 15576 | D:10     | Found a staircase to the Lair.
 15938 | D:10     | Killed a hill giant
 16346 | D:11     | Acquired Ashenzari's third power
 16379 | D:11     | Noticed a cyclops
 16388 | D:11     | Killed a cyclops
 16644 | D:11     | Killed Erolcha
 16893 | Orc:1    | Entered Level 1 of the Orcish Mines
 17013 | Orc:1    | Found a white marble altar of Elyvilon.
 17556 | Orc:2    | Reached XP level 11. HP: 48/48 MP: 27/27
 17562 | Orc:2    | Found Hocuoc's Armour Emporium.
 17708 | Orc:2    | Noticed an orc warlord
 17717 | Orc:2    | Slain by an orc warlord
 17718 | Orc:2    | Reached XP level 10. HP: -1/45 MP: 19/27
 17781 | Orc:3    | Noticed a hill giant
 19422 | Lair:1   | Entered Level 1 of the Lair of Beasts
 19479 | Lair:1   | Learned a level 6 spell: Haste
 19711 | Lair:1   | Noticed a black mamba
 19716 | Lair:1   | Killed a black mamba
 19862 | Lair:1   | Acquired Ashenzari's fourth power
 20147 | Lair:2   | Reached skill level 10 in Charms
 20343 | Lair:2   | Noticed a six-headed hydra
 20460 | Lair:2   | Noticed a black mamba
 20468 | Lair:2   | Killed a black mamba
 20625 | Lair:2   | Noticed a six-headed hydra
 20691 | Lair:2   | Killed a six-headed hydra
 20691 | Lair:2   | Reached XP level 11. HP: 48/48 MP: 6/28
 20872 | Lair:2   | Reached skill level 5 in Stealth
 21066 | Lair:2   | HP: 2/48 [killer bee (9)]
 21069 | Lair:2   | Slain by a killer bee

Action                   |  1- 3 |  4- 6 |  7- 9 | 10-12 || total
-------------------------+-------+-------+-------+-------++-------
Melee: Unarmed           |    69 |   136 |   534 |   540 ||  1279
 Cast: Beastly Appendage |    15 |    10 |       |       ||    25
       Spider Form       |     2 |    14 |    48 |     1 ||    65
       Sticks to Snakes  |       |     4 |     5 |    13 ||    22
       Repel Missiles    |       |       |     2 |     1 ||     3
       Blade Hands       |       |       |    17 |    46 ||    63
       Gell's Gravitas   |       |       |       |    16 ||    16
       Haste             |       |       |       |     4 ||     4
 Abil: End Transformatio |       |       |       |     2 ||     2
Evoke: Wand              |       |       |     2 |     9 ||    11
  Use: Scroll            |       |     5 |    18 |     4 ||    27
       Potion            |       |     3 |     2 |     5 ||    10
 Stab: Sleeping          |     2 |     6 |     5 |     6 ||    19
       Distracted        |       |     1 |     3 |       ||     4
       Invisible         |       |     5 |       |       ||     5
  Eat: Chunk             |     8 |    10 |    35 |    38 ||    91
       Meat ration       |       |       |       |     2 ||     2
